 Dungeon Crawl Stone Soup version 0.30-a0-1160-g6e42c06551 (webtiles) character file.

Game seed: 4851362580100427910

170359 Sobieck the Warrior (level 17, -1/99 HPs)
             Began as a Vine Stalker Fighter on Apr 26, 2023.
             Was a High Priest of Wu Jian.
             Slain by a salamander
             ... wielding a +0 trident
              (3 damage)
             ... on level 2 of the Snake Pit.
             The game lasted 01:32:51 (24631 turns).

Sobieck the Warrior (Vine Stalker Fighter)         Turns: 24631, Time: 01:32:51

Health: -1/99      AC: 21    Str: 20    XL:     17   Next: 99%
Magic:  0/44       EV: 12    Int:  8    God:    Wu Jian [*****.]
Gold:   379        SH:  8    Dex: 21    Spells: 36/36 levels left

rFire   . . .        N - +9 sword of Zonguldrok {reap}
rCold   + . .        c - +2 buckler
rNeg    . . .        g - +2 plate armour {rC+}
rPois   +            u - +2 helmet
rElec   .            i - +1 cloak {rPois}
rCorr   .            (no gloves)
SInv    .            B - +2 pair of boots {Stlth+}
Will    ++...        (no amulet)
Stlth   ++           t - ring of poison resistance
HPRegen 1.16/turn    J - ring of magical power
MPRegen 0.29/turn

%: guardian spirit
@: weakened, studying Earth Magic
A: fangs 3, regeneration 1, magic shield, antimagic bite, no potion heal 2, high
MP 1
a: Renounce Religion, Wall Jump, Serpent's Lash, Heavenly Storm


You were on level 2 of the Snake Pit.
You worshipped Wu Jian.
Wu Jian was extremely pleased with you.
You visited 6 branches of the dungeon, and saw 26 of its levels.
You also visited: Ice Cave and Volcano.

You collected 2859 gold pieces.
You spent 2480 gold pieces at shops.


Innate Abilities, Weirdness & Mutations

You have razor-sharp teeth.
Your natural rate of healing is unusually fast.
When hurt, damage is shared between your health and your magic reserves.
Your bite disrupts and absorbs the magic of your enemies.
Potions cannot restore your health.
You have an increased reservoir of magic. (+10% MP)


   Skills:
 - Level 15.0 Fighting
 - Level 10.0(11.8) Short Blades
 + Level 10.2(12.0) Long Blades
 - Level 6.0 Throwing
 - Level 2.4 Armour
 - Level 13.0 Dodging
 - Level 11.1 Stealth
 - Level 6.0 Shields
 - Level 10.0 Spellcasting
 - Level 6.0 Evocations


You had 36 spell levels left.
You didn't know any spells.
Your spell library contained the following spells:

 Spells                   Type           Power      Damage    Failure   Level
 Apportation              Tloc           8%         N/A       99%         1
 Foxfire                  Conj/Fire      16%        2x1d4     99%         1
 Magic Dart               Conj           16%        1d3       99%         1
 Shock                    Conj/Air       16%        1d4       99%         1
 Slow                     Hex            16%        N/A       99%         1
 Ensorcelled Hibernation  Hex/Ice        8%         N/A       100%        2
 Lesser Beckoning         Tloc           8%         N/A       100%        2
 Passwall                 Tmut/Erth      3%         N/A       100%        2
 Scorch                   Fire           8%         2d5       100%        2
 Searing Ray              Conj           8%         2d4       100%        2
 Sublimation of Blood     Necr           4%         N/A       100%        2
 Confusing Touch          Hex            4%         N/A       100%        3
 Gell's Gravitas          Tloc           4%         N/A       100%        3
 Ozocubu's Armour         Ice            4%         N/A       100%        3
 Summon Guardian Golem    Hex/Summ       4%         N/A       100%        3
 Swiftness                Air            4%         N/A       100%        3
 Teleport Other           Tloc           4%         N/A       100%        3
 Vampiric Draining        Necr           4%         2d6       100%        3
 Volatile Blastmotes      Fire/Tloc      8%         2d10      100%        3
 Airstrike                Air            2%         2d(1-17)  100%        4
 Anguish                  Hex/Necr       2%         N/A       100%        4
 Cause Fear               Hex            2%         N/A       100%        4
 Dispel Undead            Necr           4%         3d7       100%        4
 Flame Wave               Conj/Fire      4%         2d5       100%        4
 Fulminant Prism          Conj/Hex       2%         3d5       100%        4
 Iskenderun's Mystic Bla  Conj/Tloc      4%         2d3       100%        4
 Olgreb's Toxic Radiance  Pois           4%         N/A       100%        4
 Petrify                  Tmut/Erth      4%         N/A       100%        4
 Summon Ice Beast         Ice/Summ       4%         N/A       100%        4
 Summon Lightning Spire   Summ/Air       4%         N/A       100%        4
 Alistair's Intoxication  Tmut/Pois      2%         N/A       100%        5
 Borgnjor's Vile Clutch   Necr/Erth      2%         N/A       100%        5
 Fireball                 Conj/Fire      2%         3d4       100%        5
 Irradiate                Conj/Tmut      2%         3d12      100%        5
 Lee's Rapid Deconstruct  Erth           2%         3d4*      100%        5
 Metabolic Englaciation   Hex/Ice        2%         N/A       100%        5
 Summon Mana Viper        Hex/Summ       4%         N/A       100%        5
 Plasma Beam              Fire/Air       2%         2x1d13    100%        6
 Simulacrum               Ice/Necr       2%         N/A       100%        6
 Starburst                Conj/Fire      2%         6d3       100%        6
 Summon Cactus Giant      Summ           2%         N/A       100%        6
 Enfeeble                 Hex            2%         N/A       100%        7

Inventory:

Hand Weapons
 v - a +2 dagger of flaming {!wshort}
   (You took it off Sonja on level 10 of the Dungeon)
 N - the +9 sword of Zonguldrok (weapon) {reap}
   (You bought it in a shop on level 2 of the Orcish Mines)
Missiles
 n - 5 curare-tipped darts {=fthrowing}
 y - 21 boomerangs {throwing}
 K - 42 poisoned darts (quivered) {throwing}
 R - 6 atropa-tipped darts {throwing}
Armour
 c - a +2 buckler (worn)
   (You took it off a gnoll sergeant on level 6 of the Dungeon)
 g - a +2 plate armour of cold resistance (worn)
   (You found it on level 5 of the Dungeon)
 i - a +1 cloak of poison resistance (worn)
   (You found it on level 8 of the Dungeon)
 u - a +2 helmet (worn)
   (You found it in an ice cave)
 B - a +2 pair of boots of stealth (worn)
   (You found it on level 2 of the Lair of Beasts)
Jewellery
 e - a ring of positive energy
   (You found it on level 9 of the Dungeon)
 l - a ring of willpower
   (You found it on level 8 of the Dungeon)
 t - a ring of poison resistance (left hand)
   (You took it off a hobgoblin on level 2 of the Dungeon)
 A - a ring of wizardry
   (You took it off an orc on level 8 of the Dungeon)
 G - a ring of see invisible
   (You found it on level 8 of the Dungeon)
 I - a ring of protection from fire
   (You took it off an orc priest on level 4 of the Dungeon)
 J - a ring of magical power (right hand)
   (You found it on level 11 of the Dungeon)
 S - a +5 ring of evasion
   (You found it on level 12 of the Dungeon)
Wands
 d - a wand of iceblast (7)
   (You found it on level 4 of the Lair of Beasts)
 z - a wand of light (8)
   (You found it on level 8 of the Dungeon)
 L - a wand of flame (26)
   (You found it on level 11 of the Dungeon)
 O - a wand of mindburst (11)
   (You found it on level 5 of the Dungeon)
 X - a wand of digging (9)
   (You found it on level 5 of the Dungeon)
Scrolls
 b - a scroll of magic mapping {!r}
 f - 8 scrolls of identify {@r1}
 h - 4 scrolls of vulnerability {!r!r}
 k - 7 scrolls of teleportation {@r4}
 r - 4 scrolls of noise {!r}
 x - a scroll of silence {!r}
 M - 6 scrolls of fear
 P - 4 scrolls of immolation {!r!r}
 T - 2 scrolls of blinking {!r}
 W - 4 scrolls of poison
 Y - 2 scrolls of summoning
 Z - a scroll of fog
Potions
 a - a potion of berserk rage {!q}
 j - 4 potions of mutation {!q}
 m - 3 potions of invisibility
 o - 2 potions of magic
 p - 5 potions of cancellation
 q - 4 potions of brilliance
 s - a potion of might
 w - a potion of flight
 C - 5 potions of lignification {!q}
 D - 5 potions of ambrosia
 E - 2 potions of resistance
 H - 6 potions of curing {@q1}
 Q - 3 potions of haste {@q3}
Miscellaneous
 F - a phial of floods
   (You found it on level 10 of the Dungeon)
 U - a condenser vane
   (You found it on level 5 of the Lair of Beasts)
 V - a phantom mirror
   (You found it on level 8 of the Dungeon)

Dungeon Overview and Level Annotations

Branches:
Dungeon (15/15) Zot: 25617  Temple (1/1) D:5 Zot: 5935    Lair (5/5) D:9 Zot: 24862
 Shoals (0/4) Lair:2        Snake (2/4) Lair:2 Zot: 10504   Slime (0/5) Lair:5
    Orc (2/2) D:10 Zot: 10159     Elf (1/3) Orc:2 Zot: 5515  Vaults (0/5) D:13
 Depths (0/4) D:15          IceCv (visited)         Volcano (visited)

Altars:
Ashenzari
Cheibriados
Dithmenos
Elyvilon
Fedhas
Gozag
Hepliaklqana
Kikubaaqudgha
Makhleb
Nemelex Xobeh
Okawaru
Qazlal
Ru
Sif Muna
Trog
Uskayaw
Vehumet
Wu Jian
Xom
Yredelemnul
Zin
The Shining One
Jiyva

Shops:
D:1 :   D:6 (   Orc:2 *[=(   Snake:1 ([

Portals:
Hell: Lair:5

Annotations:
D:5 3 runed translucent doors, Sleet's ghost, novice MiFi
D:7 1 runed translucent door, Crazy Yiuf
D:13 3 runed translucent doors, Dodiz's ghost, journeyman BaFi
Snake:1 2 transporters, Qofeek's ghost, adept OpVM
Abyss:1 Nergalle

#####.### ###..## #.###..#
...##### ####...## #.###...
.......## ##......## #.#..#..
........# #........# ##..#....
........# #........## ##..#.....
........###.........####..#....).
.........#.......................
##......##........Z..##..........
###..#####......@N)..##..........
#..### #.......N.Z.###.........
..### ##.##..#####S#..#...#....
....# #..###†#####.......####..
....# #..................####..
....####..........###............
#.................###..........#.
....###............##......_....
.††................####......^..


You could see 2 salamanders, a black mamba (ally target), a friendly salamander
zombie and a friendly salamander mystic zombie.


Message History

The salamander mystic's magic leaks into the air.
You drain its magic.
You feel invigorated. The salamander closely misses you.
You block the salamander mystic's attack.
The salamander hits you but does no damage.
Unknown command.
You spin and attack the salamander mystic.
You closely miss the salamander mystic.
You spin and attack the salamander.
You slash the salamander! The salamander barely misses you.
The salamander wields a +1 shortbow of flaming.
It bursts into flame!
The salamander shoots an arrow.
The arrow hits you.
* * * LOW HITPOINT WARNING * * *
The arrow burns you.
The salamander mystic hits you with a +0 quarterstaff.
You are engulfed in flames!
* * * LOW HITPOINT WARNING * * *
The salamander hits you from afar with a +0 trident.
* * * LOW HITPOINT WARNING * * *
You are engulfed in flames!
* * * LOW HITPOINT WARNING * * *
Unknown command.
You spin and attack the salamander mystic.
You barely miss the salamander mystic.
You spin and attack the salamander.
You slash the salamander!
The salamander hits you but does no damage.
The salamander mystic hits you with a +0 quarterstaff!
* * * LOW HITPOINT WARNING * * *
You are engulfed in flames!!
* * * LOW HITPOINT WARNING * * *
The salamander unwields a +1 shortbow of flaming.
It stops flaming.
The salamander hits you but does no damage.
The salamander closely misses you.
Unknown command.
You spin and attack the salamander mystic.
You hit the salamander mystic but do no damage.
You spin and attack the salamander.
You hit the salamander. You bite the salamander. You drain its power.
You feel invigorated. The salamander closely misses you.
The salamander mystic hits you with a +0 quarterstaff.
* * * LOW HITPOINT WARNING * * *
You are engulfed in flames!!
* * * LOW HITPOINT WARNING * * *
The salamander hits you but does no damage. x2
Unknown command.
You spin and attack the salamander.
You slice the salamander!!
You kill the salamander!
The Council accepts your kill.
Unknown command.
You spin and attack the salamander mystic.
You barely miss the salamander mystic. You bite the salamander mystic.
The salamander mystic's magic leaks into the air.
You drain its magic.
You feel invigorated. You block the salamander's attack.
The salamander mystic falters for a moment.
The salamander misses you.
Unknown command.
You spin and attack the salamander mystic.
You closely miss the salamander mystic. You bite the salamander mystic!
The salamander mystic's magic leaks into the air.
You drain its magic.
You feel invigorated. The salamander closely misses you.
The salamander mystic hits you with a +0 quarterstaff.
* * * LOW HITPOINT WARNING * * *
You are engulfed in flames!
* * * LOW HITPOINT WARNING * * *
Your salamander zombie hits the salamander mystic but does no damage.
You block the salamander's attack.
Unknown command.
You spin and attack the salamander mystic.
You slash the salamander mystic!
You kill the salamander mystic!
The Council accepts your kill.
The black mamba bites your salamander zombie!
The salamander barely misses you.
The salamander hits you but does no damage.
The black mamba bites your salamander zombie but does no damage.
Your salamander zombie closely misses the black mamba.
Unknown command.
You swap places.
You spin and attack the salamander.
You hit the salamander. Your bite misses the salamander.
The black mamba bites your salamander zombie!
You block the salamander's attack.
The salamander hits you with a +0 trident.
* * * LOW HITPOINT WARNING * * *
You are engulfed in flames!
* * * LOW HITPOINT WARNING * * *
Your salamander zombie misses the black mamba.
The black mamba barely misses your salamander zombie.
Unknown command.
You spin and attack the salamander repeatedly.
You slash the salamander! Your bite misses the salamander.
You slash the salamander! You bite the salamander! You drain its power.
You feel invigorated.
The black mamba bites your salamander zombie.
The salamander hits you with a +0 trident.
You are engulfed in flames!
* * * LOW HITPOINT WARNING * * *
Your salamander mystic zombie closely misses the salamander.
The salamander hits you with a +0 trident!
* * * LOW HITPOINT WARNING * * *
You are engulfed in flames!
You die...

Skill      XL: |  1  2  3  4  5  6  7  8  9 10 11 12 13 14 15 16 17 |
---------------+----------------------------------------------------+-----
Short Blades   | 2 3 4 5 6 7 9 10 | 10.0
Stealth        | 1 2 4 6 9 11 | 11.1
Fighting       | 3 4 5 8 9 11 12 13 15 | 15.0
Dodging        | 1 2 3 4 6 8 9 10 11 12 13 | 13.0
Shields        | 3 4 5 6 |  6.0
Throwing       | 1 5 6 |  6.0
Evocations     | 1 5 6 |  6.0
Spellcasting   | 6 8 10 | 10.0
Long Blades    | 2 10 | 10.2
Armour         | |  2.4

Action                     |  1- 3 |  4- 6 |  7- 9 | 10-12 | 13-15 | 16-18 || total
---------------------------+-------+-------+-------+-------+-------+-------++-------
  Melee: Rapier            |    10 |       |       |       |       |       ||    10
         Dagger            |    80 |   313 |   691 |  1371 |   993 |  1609 ||  5057
         Bite              |    28 |   108 |   265 |   474 |   354 |   630 ||  1859
         Double sword      |       |       |       |       |       |    49 ||    49
  Throw: Dart              |       |       |       |    10 |       |       ||    10
 Invoke: Serpent's Lash    |       |       |       |       |     1 |     5 ||     6
         Heavenly Storm    |       |       |       |       |       |     3 ||     3
Ability: Lunge             |       |     1 |    33 |    58 |    65 |   120 ||   277
         Whirlwind         |       |       |    75 |   397 |   411 |   743 ||  1626
         Wall Jump         |       |       |       |    10 |     6 |     7 ||    23
  Evoke: Wand              |       |       |       |     2 |       |     7 ||     9
    Use: Potion            |     1 |     1 |     1 |     2 |     1 |     2 ||     8
         Scroll            |       |    12 |     4 |     9 |     8 |     3 ||    36
   Stab: Petrifying        |       |       |       |       |     1 |       ||     1
         Sleeping          |       |       |       |       |     1 |     4 ||     5
         Distracted        |       |       |       |       |     1 |     3 ||     4
 Armour: Scale mail        |    22 |    64 |    71 |       |       |       ||   157
         Plate armour      |       |       |    92 |   288 |   144 |   235 ||   759
  Dodge: Dodged            |    21 |    62 |   127 |   163 |   221 |   356 ||   950
  Block: Buckler           |    14 |    43 |    92 |   180 |   166 |   277 ||   772

Levels and vault maps discovered:
D:1:      minmay_arrival_four_houses, layout_loops_cross, serial_shops, shop,
          basic_ecumenical_altar, minmay_unequal
D:2:      layout_loops_ring, uniq_natasha, uniq_jessica
D:3:      layout_basic, grunt_gozag_statues, minmay_misc_feat_roman
D:4:      layout_rooms, trog_book
D:5:      layout_cave_pools, temple_fountains, gammafunk_ghost_split,
          serial_column_ruins, column_ruins_hut, column_ruins_hut,
          column_ruins_open_tiny, column_ruins_open_medium, column_ruins_grid_1,
          column_ruins_columns_straight, column_ruins_open_tiny, uniq_grinder,
          uniq_blork_the_orc
D:6:      layout_loops_ring, mainiacjoe_overflow_surrounded_room, serial_shops,
          nicolae_shop_peninsula, uniq_eustachio, uniq_menkaure
D:7:      layout_loops_corners, uniq_crazy_yiuf_cottage
D:8:      layout_basic, nicolae_uskayaw_en_pointe, minmay_overflow_temple_hex,
          roderic_malta_cross, minmay_the_grid_2x2 [minmay_the_grid_spin_star,
          minmay_the_grid_dragon_b, minmay_the_grid_large_cup,
          minmay_the_grid_prize_diamond_cup]
D:9:      layout_rooms, doesnt_xom_only_xom, hellmonk_lair_entry_icy
D:10:     layout_cave_pools, lemuel_doored_altar, erik_orc_2, uniq_sonja
D:11:     dreamdust_cave_troll, layout_long_grid, serial_bayou_pond_e,
          chequers_jeans, hangedman_abyss_or_decor_stabs, elyvilon_altar_1
D:12:     layout_roguey, fedhas_altar_4
D:13:     layout_loops_ring, erik_vaults_1, maelrawn_ghost_gauntlet_escape,
          uniq_josephine
D:14:     layout_gridville, old_standard_altar
D:15:     hangedman_depths_entry_civil_slaughter, layout_grid_maze,
          nicolae_vehumet_radiance
Temple:   zaba_magenta_temple
Lair:1:   layout_regular_city, grunt_megastairs_1
Lair:2:   regret_index_wax_grids, layout_long_grid, minmay_shoals_entry_hut,
          dummy_snake_entry, lemuel_fruit_tree, uniq_amaemon, uniq_nergalle
Lair:3:   cheibrodos_magma_flow, layout_regular_city,
          chequers_serial_rivers_marsh, infiniplex_staircase_pool_2
Lair:4:   layout_long_grid, portal_ice_cave_rime, grunt_megastairs_5,
          infiniplex_staircase_pool
Lair:5:   evil_forest, layout_cellular_growth, nicolae_slime_entry_slimehenge,
          grunt_megastairs_2
Snake:1:  layout_rooms, basic_altar, gammafunk_ghost_arena, minmay_shoptagon
Snake:2:  layout_chambers, basic_altar
Orc:1:    dreamdust_under_siege, layout_caves, uniq_maurice
Orc:2:    grunt_orc_gardens, layout_diamond_mine, grunt_orc_garden,
          grunt_orc_garden, grunt_orc_garden, grunt_orc_garden,
          nicolae_volcano_entry_hallway, minmay_orc_barracks, uniq_saint_roka
Elf:1:    eino_elf_arrival_the_gate, layout_loops_corners,
          minmay_elf_crystal_hexagon

Notes
Turn   | Place    | Note
-------+----------+-------------------------------------------
     0 | D:1      | Sobieck the Vine Stalker Fighter began the quest for the
                  | Orb.
     0 | D:1      | Reached XP level 1. HP: 11/11 MP: 2/2
    44 | D:1      | Reached skill level 2 in Short Blades
   113 | D:1      | Reached XP level 2. HP: 16/16 MP: 3/3
   394 | D:1      | Found a faded altar of an unknown god.
   450 | D:1      | Reached skill level 3 in Short Blades
   459 | D:1      | Reached XP level 3. HP: 19/19 MP: 4/4
   622 | D:1      | Found Jahaurgh's Book Shop.
   686 | D:1      | You pick up a book of Party Tricks and begin reading...
   686 | D:1      | You add the spells Apportation and Alistair's Intoxication
                  | to your library.
   894 | D:2      | Noticed Jessica
   903 | D:2      | Killed Jessica
   904 | D:2      | Gained mutation: Your natural rate of healing is unusually
                  | fast. [Vine Stalker growth]
   904 | D:2      | Reached XP level 4. HP: 23/23 MP: 5/5
   997 | D:2      | Noticed Natasha
  1007 | D:2      | Killed Natasha
  1008 | D:2      | Reached skill level 4 in Short Blades
  1015 | D:2      | Noticed Natasha
  1042 | D:2      | Killed Natasha
  1043 | D:2      | Reached XP level 5. HP: 21/27 MP: 2/6
  1199 | D:2      | You pick up a book of Debilitation and begin reading...
  1199 | D:2      | You add the spells Slow, Vampiric Draining and Confusing
                  | Touch to your library.
  1299 | D:2      | You pick up a book of Winter and begin reading...
  1299 | D:2      | You add the spells Ozocubu's Armour, Metabolic Englaciation
                  | and Simulacrum to your library.
  1602 | D:3      | Reached skill level 5 in Short Blades
  1693 | D:3      | Found an opulent altar of Gozag.
  2552 | D:4      | Reached XP level 6. HP: 32/32 MP: 7/7
  2628 | D:3      | HP: 8/32 [scorpion (2)]
  2649 | D:3      | Reached skill level 6 in Short Blades
  2810 | D:4      | You pick up a book of Displacement and begin reading...
  2810 | D:4      | You add the spells Lesser Beckoning, Gell's Gravitas and
                  | Teleport Other to your library.
  2821 | D:4      | Found a bloodstained altar of Trog.
  3170 | D:5      | Entered Level 5 of the Dungeon
  3172 | D:5      | Found a staircase to the Ecumenical Temple.
  3186 | Temple   | Entered the Ecumenical Temple
  3237 | Temple   | Became a worshipper of the Wu Jian Council
  3272 | D:5      | You add the spells Summon Guardian Golem, Olgreb's Toxic
                  | Radiance and Summon Lightning Spire to your library.
  3272 | D:5      | Got the Precepts of the Virulent Retinue
  3287 | D:5      | Noticed Blork the orc
  3307 | D:5      | Killed Blork the orc
  3308 | D:5      | Reached skill level 1 in Stealth
  3308 | D:5      | Reached XP level 7. HP: 29/35 MP: 8/8
  3381 | D:4      | Reached skill level 3 in Fighting
  3381 | D:4      | Reached skill level 1 in Dodging
  3381 | D:4      | Reached skill level 3 in Shields
  3429 | D:3      | HP: 9/36 [poisoned by a scorpion]
  3513 | D:5      | Reached skill level 2 in Stealth
  3513 | D:5      | HP: 9/36 [orc wizard/magic dart (5)]
  3731 | D:5      | Noticed Grinder
  3912 | D:5      | Found a runed translucent gate.
  3912 | D:5      | Found a runed translucent gate.
  3912 | D:5      | Noticed Sleet's ghost (novice MiFi)
  3916 | D:5      | Found a runed translucent gate.
  4016 | D:5      | Gained mutation: You have razor-sharp teeth. [Vine Stalker
                  | growth]
  4016 | D:5      | Reached XP level 8. HP: 35/40 MP: 7/9
  4075 | D:5      | Reached skill level 7 in Short Blades
  4075 | D:5      | Reached skill level 2 in Dodging
  4075 | D:5      | Reached skill level 3 in Stealth
  4221 | D:5      | Killed Grinder
  4222 | D:5      | Reached skill level 4 in Fighting
  4222 | D:5      | Reached skill level 4 in Stealth
  4222 | D:5      | Reached skill level 4 in Shields
  4360 | D:6      | Noticed Eustachio
  4377 | D:6      | Killed Eustachio
  4381 | D:6      | Reached * piety under Wu Jian
  4495 | D:6      | Found Uggymila's Antique Weapon Shoppe.
  4526 | D:6      | Reached XP level 9. HP: 43/45 MP: 10/10
  4579 | D:5      | Identified a scroll of acquirement
  4579 | D:5      | Acquired a manual of Earth Magic
  4710 | D:6      | Reached skill level 8 in Short Blades
  4710 | D:6      | Reached skill level 3 in Dodging
  4736 | D:6      | Identified the +0 scale mail of the Heron {Int+4}
  4932 | D:6      | Reached skill level 5 in Stealth
  4943 | D:6      | Noticed Menkaure
  4954 | D:6      | Killed Menkaure
  4961 | D:6      | Found a basalt altar of Yredelemnul.
  5048 | D:5      | HP: 9/46 [acid (8)]
  5049 | D:5      | HP: 2/46 [acid (5)]
  5728 | D:7      | Reached ** piety under Wu Jian
  5745 | D:7      | Noticed a troll
  5778 | D:7      | Killed a troll
  5836 | D:7      | Reached skill level 5 in Shields
  5911 | D:7      | Reached skill level 5 in Fighting
  5963 | D:7      | Reached skill level 6 in Stealth
  6074 | D:7      | Reached skill level 9 in Short Blades
  6074 | D:7      | Reached XP level 10. HP: 51/51 MP: 11/11
  6411 | D:7      | Reached skill level 4 in Dodging
  6523 | D:7      | Found a runed translucent door.
  6524 | D:7      | Noticed Crazy Yiuf
  6588 | D:8      | Noticed a +0 short sword
  6588 | D:8      | Noticed a +0 short sword
  6588 | D:8      | Noticed a +0 falchion
  6588 | D:8      | Noticed a +0 dagger
  6588 | D:8      | Noticed a +0 spear
  6589 | D:8      | Noticed a +0 falchion
  6589 | D:8      | Noticed a +0 dagger
  6589 | D:8      | Noticed a +0 spear
  6600 | D:8      | Found a hide-covered altar of Uskayaw.
  6918 | D:8      | Found a shadowy altar of Dithmenos.
  6918 | D:8      | Found a shimmering blue altar of Sif Muna.
  6918 | D:8      | Found a glowing golden altar of the Shining One.
  6918 | D:8      | Found an ancient bone altar of Kikubaaqudgha.
  6927 | D:8      | Found a snail-covered altar of Cheibriados.
  6927 | D:8      | Found a burning altar of Makhleb.
  7147 | D:8      | Reached skill level 6 in Shields
  7150 | D:8      | Reached skill level 6 in Fighting
  7173 | D:8      | Reached *** piety under Wu Jian
  7337 | D:8      | Noticed a tengu warrior
  7366 | D:8      | Reached skill level 10 in Short Blades
  7379 | D:8      | Killed a tengu warrior
  7380 | D:8      | Reached skill level 7 in Fighting
  7459 | D:8      | Noticed a green ugly thing
  7774 | D:9      | Noticed a two-headed ogre
  7960 | D:9      | Found a staircase to the Lair.
  7964 | D:9      | Reached skill level 8 in Fighting
  8027 | D:9      | Killed a two-headed ogre
  8028 | D:9      | Reached XP level 11. HP: 51/60 MP: 9/12
  8043 | D:9      | Reached skill level 7 in Stealth
  8199 | D:9      | Identified the +1 ring mail of Youthful Indiscretion
                  | {Rampage rElec rC-}
  8356 | D:9      | You pick up a book of Hexes and begin reading...
  8356 | D:9      | You add the spells Anguish, Cause Fear and Enfeeble to your
                  | library.
  8407 | D:9      | Found a shimmering altar of Xom.
  8409 | D:9      | Found a blossoming altar of Fedhas.
  8409 | D:9      | Found a broken altar of Ashenzari.
  8411 | D:9      | Found a glowing golden altar of the Shining One.
  8411 | D:9      | Found a hazy altar of Hepliaklqana.
  8411 | D:9      | Found a shadowy altar of Dithmenos.
  8440 | D:10     | Entered Level 10 of the Dungeon
  8509 | D:10     | You pick up a book of Conjurations {@e2} and begin
                  | reading...
  8509 | D:10     | You add the spells Magic Dart, Searing Ray and Fulminant
                  | Prism to your library.
  8557 | D:9      | Reached skill level 5 in Dodging
  8645 | D:10     | Reached **** piety under Wu Jian
  8671 | D:10     | Found a blossoming altar of Fedhas.
  8744 | D:10     | Noticed a two-headed ogre
  8761 | D:10     | Killed a two-headed ogre
  8762 | D:10     | Reached skill level 8 in Stealth
  8887 | D:10     | Noticed Sonja
  8912 | D:9      | Reached skill level 9 in Fighting
  8975 | D:10     | Killed Sonja
  9009 | D:10     | Noticed an orc knight
  9036 | D:10     | Killed an orc knight
  9037 | D:10     | Reached skill level 9 in Stealth
  9049 | D:10     | Found a staircase to the Orcish Mines.
  9067 | Orc:1    | Entered Level 1 of the Orcish Mines
  9067 | Orc:1    | Noticed a necromancer
  9067 | Orc:1    | Noticed a necromancer
  9068 | Orc:1    | Noticed Maurice
  9089 | Orc:1    | Noticed a necromancer
  9116 | Orc:1    | Killed a necromancer
  9117 | Orc:1    | Reached skill level 6 in Dodging
  9162 | Orc:1    | Noticed an orc high priest
  9188 | Orc:1    | Noticed a sun demon
  9445 | D:11     | Noticed a cyclops
  9452 | D:11     | Killed a cyclops
  9510 | D:11     | Found a white marble altar of Elyvilon.
  9582 | D:11     | Reached XP level 12. HP: 50/67 MP: 8/13
  9760 | D:11     | Reached skill level 10 in Stealth
  9787 | D:11     | Noticed a two-headed ogre
  9804 | D:11     | Killed a two-headed ogre
  9995 | D:11     | Reached skill level 10 in Fighting
 10097 | D:11     | Identified the +1 whip of Fee Simple {vamp, Dex+2}
 10192 | D:11     | You pick up a book of Burglary and begin reading...
 10192 | D:11     | You add the spells Passwall, Ensorcelled Hibernation and
                  | Swiftness to your library.
 10273 | D:12     | Reached skill level 7 in Dodging
 10337 | D:12     | Noticed a two-headed ogre
 10365 | D:12     | Killed a two-headed ogre
 10366 | D:12     | Reached skill level 11 in Stealth
 10524 | D:12     | Noticed a two-headed ogre
 10528 | D:12     | Killed a two-headed ogre
 10631 | D:12     | Reached skill level 8 in Dodging
 10783 | D:12     | Found a blossoming altar of Fedhas.
 10948 | D:13     | Noticed a boulder beetle
 10956 | D:13     | Banished a boulder beetle
 10974 | D:13     | Reached skill level 11 in Fighting
 11111 | D:8      | You add the spells Dispel Undead, Summon Mana Viper and
                  | Borgnjor's Vile Clutch to your library.
 11111 | D:8      | Got the Parchment of Stolen Souls and the Union
 11112 | D:8      | Identified the staff of conjuration "Bogaphor" {rPois rN+
                  | Will+ Str+3}
 11129 | D:8      | You pick up a book of Air and begin reading...
 11129 | D:8      | You add the spells Shock and Airstrike to your library.
 11306 | D:13     | Noticed Josephine
 11327 | D:13     | Killed Josephine
 11328 | D:13     | Reached skill level 1 in Throwing
 11328 | D:13     | Reached skill level 1 in Evocations
 11357 | D:13     | Noticed a centaur warrior
 11364 | D:13     | Killed a centaur warrior
 11365 | D:13     | Reached XP level 13. HP: 44/74 MP: 14/14
 11393 | D:13     | Reached skill level 2 in Throwing
 11393 | D:13     | Reached skill level 2 in Evocations
 11430 | D:13     | Found a runed translucent gate.
 11437 | D:13     | Found a runed translucent gate.
 11437 | D:13     | Found a runed translucent gate.
 11439 | D:13     | Noticed Dodiz's ghost (journeyman BaFi)
 11447 | D:13     | Noticed a minotaur
 11505 | D:13     | HP: 16/74 [meliai/divine providence (8)]
 11507 | D:13     | HP: 7/74 [meliai/divine providence (10)]
 11508 | D:13     | Reached ***** piety under Wu Jian
 11729 | D:13     | Found a gate to the Vaults.
 11760 | D:13     | Reached skill level 3 in Throwing
 11760 | D:13     | Reached skill level 3 in Evocations
 12296 | Lair:1   | Entered Level 1 of the Lair of Beasts
 12379 | Lair:1   | You pick up a book of Fire and begin reading...
 12379 | Lair:1   | You add the spells Foxfire, Fireball, Plasma Beam and
                  | Starburst to your library.
 13154 | Lair:2   | Noticed Amaemon
 13174 | Lair:2   | Killed Amaemon
 13263 | Lair:2   | Reached skill level 4 in Throwing
 13291 | Lair:2   | Found a staircase to the Shoals.
 13297 | Lair:2   | Reached skill level 4 in Evocations
 13376 | Lair:2   | Reached skill level 9 in Dodging
 13563 | Lair:2   | Reached skill level 12 in Fighting
 13696 | Lair:2   | You pick up a book of Blasting and begin reading...
 13696 | Lair:2   | You add the spells Volatile Blastmotes, Iskenderun's Mystic
                  | Blast and Lee's Rapid Deconstruction to your library.
 13747 | Lair:2   | Noticed Nergalle
 13762 | Lair:2   | Banished Nergalle
 13836 | Lair:2   | Found a staircase to the Snake Pit.
 14308 | Lair:3   | Reached skill level 5 in Throwing
 14313 | Lair:3   | Reached skill level 5 in Evocations
 14471 | Lair:3   | Reached XP level 14. HP: 80/80 MP: 15/15
 14706 | Lair:3   | You pick up a book of Scorching and begin reading...
 14706 | Lair:3   | You add the spells Scorch, Flame Wave and Summon Cactus
                  | Giant to your library.
 15158 | Lair:4   | Reached ****** piety under Wu Jian
 15227 | Lair:4   | Found a frozen archway.
 15242 | IceCv    | Entered an ice cave
 15251 | IceCv    | Reached skill level 6 in Throwing
 15252 | IceCv    | Reached skill level 6 in Evocations
 15285 | IceCv    | Reached skill level 10 in Dodging
 15440 | IceCv    | Reached skill level 13 in Fighting
 15473 | IceCv    | Noticed a frost giant
 15518 | IceCv    | Banished a frost giant
 15632 | IceCv    | U - a +0 double sword of freezing {longrare=g}
 15763 | IceCv    | Identified a potion of experience
 15767 | IceCv    | Reached skill level 6 in Spellcasting
 15767 | IceCv    | Reached XP level 15. HP: 82/86 MP: 24/25
 16247 | Lair:4   | Reached skill level 11 in Dodging
 16629 | Lair:5   | Entered Level 5 of the Lair of Beasts
 16640 | Lair:4   | Reached skill level 7 in Spellcasting
 16727 | Lair:5   | Reached skill level 8 in Spellcasting
 16785 | Lair:5   | Reached XP level 16. HP: 84/91 MP: 29/29
 16790 | Lair:5   | Reached skill level 9 in Spellcasting
 16978 | Lair:5   | Found a staircase to the Slime Pits.
 16978 | Lair:5   | Found a viscous altar of Jiyva.
 17082 | Lair:5   | Reached skill level 10 in Spellcasting
 17188 | Lair:5   | You drop a +0 double sword of freezing {longrare=g}.
 17189 | Lair:5   | U - a +0 double sword of freezing {longrare=g}
 17190 | Lair:5   | You drop a +0 double sword of freezing {longrare=g}.
 17192 | Lair:5   | Could not pick up a +0 double sword of freezing
                  | {longrare=g} here; ([A]lways) ignore it?
 17670 | Lair:5   | Found a burning altar of Makhleb.
 17743 | Lair:5   | Reached skill level 14 in Fighting
 17765 | Lair:5   | Found a gateway to Hell.
 17772 | Lair:5   | Identified the staff of poison "Kuysien" {rPois rCorr
                  | Int+4}
 18150 | Orc:1    | Killed Maurice
 18297 | Orc:1    | You fall into a shaft and drop 1 floor!
 18297 | Orc:2    | Entered Level 2 of the Orcish Mines
 18609 | Orc:2    | Gained mutation: You have an increased reservoir of magic.
                  | (+10% MP) [a neqoxec]
 18664 | Orc:2    | Found Teabbamm's General Store.
 18725 | Orc:2    | Found Qoriut's Antique Armour Boutique.
 18739 | Orc:2    | Reached skill level 15 in Fighting
 18820 | Orc:2    | Found Nonujoth's Jewellery Shoppe.
 18922 | Orc:2    | Found a dark tunnel.
 18932 | Volcano  | Entered a volcano
 19157 | Orc:2    | Found a staircase to the Elven Halls.
 19161 | Orc:2    | Noticed Saint Roka
 19178 | Orc:2    | Killed Saint Roka
 19195 | Orc:2    | Reached skill level 12 in Dodging
 19235 | Orc:2    | Found Neug's Antique Weapon Shop.
 19794 | Elf:1    | Entered Level 1 of the Elven Halls
 19808 | Elf:1    | Reached skill level 1 in Long Blades
 19998 | Elf:1    | Reached skill level 2 in Long Blades
 19998 | Elf:1    | Reached XP level 17. HP: 79/99 MP: 35/35
 20097 | Elf:1    | Reached skill level 3 in Long Blades
 20488 | D:14     | You pick up a book of Alchemy and begin reading...
 20488 | D:14     | You add the spells Sublimation of Blood, Petrify and
                  | Irradiate to your library.
 20507 | D:14     | Found a white marble altar of Elyvilon.
 20608 | D:14     | Reached skill level 4 in Long Blades
 21328 | D:15     | Entered Level 15 of the Dungeon
 21363 | D:15     | Got the Papyrus of the Armadillo
 21381 | D:15     | Reached skill level 5 in Long Blades
 21381 | D:15     | Reached skill level 13 in Dodging
 21445 | D:15     | Found a staircase to the Depths.
 21913 | D:15     | Found a radiant altar of Vehumet.
 22620 | Snake:1  | Entered Level 1 of the Snake Pit
 22624 | Snake:1  | Reached skill level 6 in Long Blades
 22639 | Snake:1  | Found a transporter.
 22640 | Snake:1  | Noticed Qofeek's ghost (adept OpVM)
 22669 | Snake:1  | Found a transporter.
 22718 | Snake:1  | Identified the ring "Jedeidogh" {rElec rN+ Will- Str+6}
 22728 | Snake:1  | Found Xihoeti's Armour Boutique.
 22732 | Snake:1  | Found Atwus's Weapon Shop.
 22738 | Snake:1  | Reached skill level 7 in Long Blades
 22950 | Snake:1  | Found an iron altar of Okawaru.
 22953 | Snake:1  | HP: 22/99 [naga sharpshooter/arrow (6)]
 22956 | Snake:1  | HP: 7/99 [naga/+0 glaive (4)]
 22958 | Snake:1  | HP: 2/99 [poisoned by a naga (splash of poison)]
 22968 | Snake:1  | Reached skill level 8 in Long Blades
 23544 | Snake:2  | Reached skill level 9 in Long Blades
 23750 | Snake:2  | HP: 24/99 [poisoned by a naga ritualist (toxic radiance)]
 23754 | Snake:2  | HP: 11/99 [poisoned by a naga ritualist (toxic radiance)]
 23759 | Snake:2  | HP: 8/99 [poisoned by a naga ritualist (toxic radiance)]
 24265 | Orc:2    | Bought the +9 sword of Zonguldrok {reap} for 2480 gold
                  | pieces
 24265 | Orc:2    | Found the +9 sword of Zonguldrok {reap}
 24502 | Snake:2  | Found a basalt altar of Yredelemnul.
 24510 | Snake:2  | Reached skill level 10 in Long Blades
 24516 | Snake:2  | You pick up a book of Debilitation and begin reading...
 24624 | Snake:2  | HP: 17/99 [salamander mystic/+0 quarterstaff (10)]
 24628 | Snake:2  | HP: 8/99 [salamander mystic/+0 quarterstaff (4)]
 24631 | Snake:2  | HP: 2/99 [salamander/+0 trident (2)]
 24631 | Snake:2  | Slain by a salamander

Vanquished Creatures
  Saint Roka (Orc:2)
  An orc warlord (Orc:1)
  Josephine (D:13)
  An ettin (D:15)
  A salamander tyrant (Snake:2)
  A hydra (Lair:5)
  A catoblepas (Lair:3)
  2 anacondas (Snake:2)
  3 centaur warriors
  2 dancing weapons (D:13)
  A tengu warrior (D:8)
  5 two-headed ogres
  A boulder beetle (Lair:5)
  2 naga warriors
  10 death yaks
  4 orc high priests
  5 naga sharpshooters
  2 shock serpents
  A deep elf knight (Elf:1)
  Sonja (D:10)
  Amaemon (Lair:2)
  2 salamander mystics (Snake:2)
  A skyshark (Lair:4)
  A sixfirhy (Lair:5)
  3 orc knights
  3 naga ritualists (Snake:1)
  7 deep elf pyromancers
  4 deep elf archers (Elf:1)
  5 deep elf zephyrmancers (Elf:1)
  A wizard (Lair:5)
  A mana viper (Snake:2)
  8 ugly things
  3 necromancers (Orc:1)
  2 manticores
  2 orc sorcerers (Orc:2)
  4 elephants
  Maurice (Orc:1)
  2 salamanders (Snake:2)
  6 cyclopes
  A guardian serpent (Snake:1)
  15 black mambas
  3 orange demons (Lair:5)
  A torpor snail (Lair:4)
  2 gargoyles (Volcano)
  6 cane toads
  A molten gargoyle (Lair:3)
  An ice statue (IceCv)
  An efreet (Volcano)
  6 naga magi
  12 rime drakes
  A freezing wraith (D:14)
  An unseen horror (D:12)
  6 komodo dragons
  2 red devils (Lair:5)
  A troll (shapeshifter) (D:14)
  A hellwing (Lair:5)
  5 polar bears
  7 trolls
  6 meliai
  Grinder (D:5)
  An ettin zombie (Orc:1)
  14 blink frogs
  A snapping turtle (Lair:2)
  7 dream sheep
  6 slime creatures (D:14)
  A centaur simulacrum (D:14)
  4 wraiths
  An ettin skeleton (Orc:1)
  3 shadows
  49 yaks
  7 wyverns
  Eustachio (D:6)
  6 basilisks
  4 fire elementals
  3 steam dragons
  2 vampire mosquitoes (D:12)
  4 wargs
  Menkaure (D:6)
  2 hell hounds (Lair:5)
  17 nagas
  2 acid dragons
  12 water moccasins
  4 black bears
  A sky beast (D:7)
  41 orc warriors
  6 ice beasts
  8 ogres
  23 wolves
  11 centaurs
  A phantom (D:5)
  4 kobold brigands
  Blork the orc (D:5)
  5 bullfrogs
  2 earth elementals (Elf:1)
  7 scorpions
  2 gnoll sergeants
  8 wights
  31 killer bees
  A troll skeleton (Orc:1)
  3 electric eels
  3 jellies
  7 howler monkeys
  5 lava snakes (Lair:3)
  3 hounds
  A gnoll bouda (D:6)
  20 orc priests
  Jessica (D:2)
  2 iguanas
  A sleepcap (D:8)
  Natasha (twice) (D:2)
  23 orc wizards
  12 gnolls
  5 adders
  2 orc zombies (Orc:1)
  2 shadow imps
  2 white imps
  3 ufetubi (D:6)
  4 orc simulacra (Orc:1)
  2 worms
  2 dart slugs
  97 orcs
  7 ball pythons
  3 bats
  6 endoplasms
  3 giant cockroaches
  8 goblins
  11 hobgoblins
  5 jackals
  22 kobolds
  A quokka (D:4)
  2 frilled lizards
  7 rats
764 creatures vanquished.

Vanquished Creatures (collateral kills)
  A naga (Snake:2)
1 creature vanquished.

Vanquished Creatures (others)
  A black mamba zombie (Snake:2)
  A killer bee (Lair:2)
  An orc wizard (D:8)
  15 fungi
  16 plants
34 creatures vanquished.

Grand Total: 799 creatures vanquished

Table legend:
 A = Non-vault XP
 B = Vault XP
 C = Vault XP percentage of total XP
 D = Non-vault monster count
 E = Vault monster count
 F = Vault count percentage of total count
                 A         B        C        D         E       F
            +---------+---------+-------+---------+---------+-------
      Total |  125090 |   78830 |  38.7 |     586 |     299 |  33.8
            +---------+---------+-------+---------+---------+-------
        D:1 |      36 |       8 |  18.2 |      21 |       4 |  16.0
        D:2 |      94 |      72 |  43.4 |      19 |       2 |   9.5
        D:3 |     239 |       0 |   0.0 |      16 |       0 |   0.0
        D:4 |     227 |       0 |   0.0 |      24 |       0 |   0.0
        D:5 |     909 |     429 |  32.1 |      16 |       4 |  20.0
        D:6 |     763 |     356 |  31.8 |      28 |       2 |   6.7
        D:7 |    1843 |       0 |   0.0 |      21 |       0 |   0.0
        D:8 |    1476 |    2453 |  62.4 |      33 |      12 |  26.7
        D:9 |    3247 |    1125 |  25.7 |      28 |       7 |  20.0
       D:10 |    2305 |    1622 |  41.3 |      12 |      18 |  60.0
       D:11 |    3691 |     615 |  14.3 |      16 |       1 |   5.9
       D:12 |    6143 |       0 |   0.0 |      23 |       0 |   0.0
       D:13 |    5953 |    3404 |  36.4 |      12 |       7 |  36.8
       D:14 |   11173 |       0 |   0.0 |      31 |       0 |   0.0
       D:15 |    3209 |    3778 |  54.1 |       5 |       6 |  54.5
     Lair:1 |    3235 |       0 |   0.0 |      13 |       0 |   0.0
     Lair:2 |    1932 |    8674 |  81.8 |      10 |      49 |  83.1
     Lair:3 |    3484 |    1081 |  23.7 |       8 |       7 |  46.7
     Lair:4 |    9050 |    3225 |  26.3 |      28 |      12 |  30.0
     Lair:5 |   11795 |   15812 |  57.3 |      40 |      42 |  51.2
    Snake:1 |   19131 |       0 |   0.0 |      44 |       0 |   0.0
    Snake:2 |   16211 |       0 |   0.0 |      29 |       0 |   0.0
      Orc:1 |    1824 |    6082 |  76.9 |      20 |      30 |  60.0
      Orc:2 |    6148 |   11706 |  65.6 |      69 |      50 |  42.0
      Elf:1 |   10972 |    2319 |  17.4 |      20 |       4 |  16.7
      IceCv |       0 |   14078 | 100.0 |       0 |      36 | 100.0
    Volcano |       0 |    1991 | 100.0 |       0 |       6 | 100.0
            +---------+---------+-------+---------+---------+-------

Skill      XL: |  1  2  3  4  5  6  7  8  9 10 11 12 13 14 15 16 17 |
---------------+----------------------------------------------------+-----
Short Blades   | 2 3 4 5 6 7 9 10 | 10.0
Stealth        | 1 2 4 6 9 11 | 11.1
Fighting       | 3 4 5 8 9 11 12 13 15 | 15.0
Dodging        | 1 2 3 4 6 8 9 10 11 12 13 | 13.0
Shields        | 3 4 5 6 |  6.0
Throwing       | 1 5 6 |  6.0
Evocations     | 1 5 6 |  6.0
Spellcasting   | 6 8 10 | 10.0
Long Blades    | 2 10 | 10.2
Armour         | |  2.4

Action                     |  1- 3 |  4- 6 |  7- 9 | 10-12 | 13-15 | 16-18 || total
---------------------------+-------+-------+-------+-------+-------+-------++-------
  Melee: Rapier            |    10 |       |       |       |       |       ||    10
         Dagger            |    80 |   313 |   691 |  1371 |   993 |  1609 ||  5057
         Bite              |    28 |   108 |   265 |   474 |   354 |   630 ||  1859
         Double sword      |       |       |       |       |       |    49 ||    49
  Throw: Dart              |       |       |       |    10 |       |       ||    10
 Invoke: Serpent's Lash    |       |       |       |       |     1 |     5 ||     6
         Heavenly Storm    |       |       |       |       |       |     3 ||     3
Ability: Lunge             |       |     1 |    33 |    58 |    65 |   120 ||   277
         Whirlwind         |       |       |    75 |   397 |   411 |   743 ||  1626
         Wall Jump         |       |       |       |    10 |     6 |     7 ||    23
  Evoke: Wand              |       |       |       |     2 |       |     7 ||     9
    Use: Potion            |     1 |     1 |     1 |     2 |     1 |     2 ||     8
         Scroll            |       |    12 |     4 |     9 |     8 |     3 ||    36
   Stab: Petrifying        |       |       |       |       |     1 |       ||     1
         Sleeping          |       |       |       |       |     1 |     4 ||     5
         Distracted        |       |       |       |       |     1 |     3 ||     4
 Armour: Scale mail        |    22 |    64 |    71 |       |       |       ||   157
         Plate armour      |       |       |    92 |   288 |   144 |   235 ||   759
  Dodge: Dodged            |    21 |    62 |   127 |   163 |   221 |   356 ||   950
  Block: Buckler           |    14 |    43 |    92 |   180 |   166 |   277 ||   772

Illustrated notes

Table legend:
 A = Kills in this place as a percentage of kills in the entire game.
 B = Kills by you in this place as a percentage of kills by you in the entire game.
 C = Kills by friends in this place as a percentage of kills by friends in the entire game.
 D = Other kills in this place as a percentage of other kills in the entire game.
 E = Experience gained in this place as a percentage of experience gained in the entire game.
 F = Experience gained in this place divided by the number of levels of this place that you have seen.
                   A       B       C       D       E      F
               +-------+-------+-------+-------+-------+----------------------
         Total | 100.0 | 100.0 | 100.0 | 100.0 | 100.0 | 7282.9
       Dungeon |  41.6 |  44.9 |   0.0 |  20.8 |  27.1 | 3678.0
          Lair |  23.6 |  22.3 |   0.0 |  32.5 |  28.6 | 11657.6
     Snake Pit |   8.2 |   7.5 | 100.0 |  12.5 |  17.3 | 17671.0
  Orcish Mines |  19.1 |  19.0 |   0.0 |  20.0 |  12.6 | 12880.0
   Elven Halls |   2.7 |   2.5 |   0.0 |   4.2 |   6.5 | 13291.0
      Ice Cave |   4.1 |   3.3 |   0.0 |   9.2 |   6.9 | 14078.0
       Volcano |   0.7 |   0.7 |   0.0 |   0.8 |   1.0 | 1991.0
               +-------+-------+-------+-------+-------+----------------------

Table legend: (Time is in decaauts)
 A = Elapsed time spent in this place.
 B = Non-inter-level travel time spent in this place.
 C = Inter-level travel time spent in this place.
 D = Time resting spent in this place.
 E = Time spent auto-exploring this place.
 F = Levels seen in this place.
 G = Mean time per level.
                   A        B        C        D        E       F      G
               +--------+--------+--------+--------+--------+-----+--------+
         Total |  23948 |  21734 |   2214 |   1428 |  13617 |  28 |  855.3 |
       Dungeon |  13989 |  12712 |   1277 |    930 |   8304 |  15 |  932.6 |
        Temple |     64 |     51 |     13 |      0 |     42 |   1 |   64.0 |
          Lair |   5137 |   4763 |    374 |    215 |   3331 |   5 | 1027.4 |
     Snake Pit |   1494 |   1320 |    174 |    180 |    586 |   2 |  747.0 |
  Orcish Mines |   1840 |   1575 |    265 |     20 |    884 |   2 |  920.0 |
   Elven Halls |    484 |    375 |    109 |     28 |    179 |   1 |  484.0 |
      Ice Cave |    832 |    832 |      0 |     30 |    273 |   1 |  832.0 |
       Volcano |    104 |    104 |      0 |     23 |     17 |   1 |  104.0 |
               +--------+--------+--------+--------+--------+-----+--------+

Top non-repeatable levels by time:
     D:8: 1375 daAuts
  Lair:2: 1306 daAuts
  Lair:5: 1255 daAuts
    D:15: 1124 daAuts
    D:11: 1018 daAuts
     D:7: 1009 daAuts
     D:5: 996 daAuts
   Orc:2: 965 daAuts
    D:13: 949 daAuts
    D:10: 913 daAuts
     D:3: 912 daAuts
     D:6: 884 daAuts
   Orc:1: 875 daAuts
  Lair:1: 866 daAuts
    D:12: 861 daAuts
